 Dungeon Crawl Stone Soup version 0.30-a0-702-gdf48620a09 (webtiles) character file.

Game seed: 2008680452348141093

883 Alitron123 the Trooper (level 8, -11/50 HPs)
             Began as a Gargoyle Berserker on Jan 21, 2023.
             Was a Priest of Trog.
             Mangled by an ogre
             ... wielding a +0 giant spiked club
              (19 damage)
             ... on level 5 of the Dungeon.
             The game lasted 00:06:16 (3421 turns).

Alitron123 the Trooper (Gargoyle Berserker)         Turns: 3421, Time: 00:06:17

Health: -11/50     AC: 27    Str: 32    XL:     8   Next: 5%
Magic:  8/8        EV:  9    Int: 14    God:    Trog [***...]
Gold:   209        SH:  0    Dex: 12    Spells: 7/7 levels left

rFire   . . .      SeeInvis +    o - +4 hand axe (protect)
rCold   . . .      Faith    .    (no shield)
rNeg    + . .      Spirit   .    e - +1 chain mail
rPois   ∞          Reflect  .    (no helmet)
rElec   +          Harm     .    q - scarf {+Inv}
rCorr   .          Rampage  .    u - +0 pair of gloves
Will    +....                    f - +2 pair of boots "Decahog" {Str+3 Dex+3 SInv} Stlth
                                 (no amulet)
HPRegen 0.28/turn                b - ring of Xobu {rElec Will+ Str+6 Int+6 Stlth-}
MPRegen 0.11/turn                (no ring)

@: about to teleport, under a protective aura, on berserk cooldown
A: sickness immunity, AC +5, negative energy resistance 1, electricity
resistance, torment resistance 1, petrification resistance
a: Renounce Religion, Evoke Invisibility, Berserk, Trog's Hand


You were on level 5 of the Dungeon.
You worshipped Trog.
Trog was most pleased with you.
You visited 1 branch of the dungeon, and saw 5 of its levels.

You collected 209 gold pieces.

Inventory:

Hand Weapons
 a - a +0 mace
 o - a +4 hand axe of protection (weapon)
Missiles
 h - a throwing net
Armour
 e - a +1 chain mail (worn)
 f - the +2 pair of boots "Decahog" (worn) {Str+3 Dex+3 SInv}
   (You acquired it on level 3 of the Dungeon)

   Str:       It affects your strength (+3).
   Dex:       It affects your dexterity (+3).
   SInv:      It lets you see invisible.
 q - a scarf of invisibility (worn)
 u - a +0 pair of gloves (worn)
 w - a +3 leather armour of willpower
Jewellery
 b - the ring of Xobu (left hand) {rElec Will+ Str+6 Int+6 Stlth-}
   (You acquired it on level 3 of the Dungeon)

   [ring of strength]

   Str:       It affects your strength (+6).
   Int:       It affects your intelligence (+6).
   rElec:     It insulates you from electricity.
   Will:      It increases your willpower.
   Stlth:     It makes you less stealthy.
 l - an amulet of faith
 r - a ring of resist corrosion
Wands
 v - a wand of flame (13) (quivered)
Scrolls
 c - 2 scrolls of fog
 i - 2 scrolls of brand weapon
 m - a scroll of identify
Potions
 d - 2 potions of heal wounds
 g - 2 potions of curing {unknown}
 j - a potion of attraction
 n - a potion of magic
 p - a potion of degeneration
 s - a potion of cancellation {unknown}


   Skills:
 + Level 5.4 Fighting
 + Level 4.4(5.3) Axes
 + Level 4.8(5.8) Maces & Flails
 + Level 5.0 Armour
 + Level 2.0 Dodging
 + Level 0.5 Stealth


You had 7 spell levels left.
You didn't know any spells.
Your spell library was empty.

Dungeon Overview and Level Annotations

Branches:
Dungeon (5/15)
 Temple: D:4-7

Altars:
Trog


Innate Abilities, Weirdness & Mutations

You are immune to sickness and miasma.
Your stone body is resilient. (AC +5)
You are immune to poison.
You resist negative energy. (rN+)
You are resistant to electric shocks. (rElec)
You are resistant to unholy torment.
You are immune to petrification.


Message History

r - a ring of resist corrosion
Things that are here:
a +0 dagger; a +0 robe; a +0 dagger You now have 209 gold pieces (gained 10).
There is a stone staircase leading up, spattered with blood here.
You see here a +0 short sword.
s - a viscous inky potion
Found 5 stones.
You feel yourself speed up.
An ogre comes into view. It is wielding a +0 giant club.
Found 11 gold pieces.
The ogre shouts!
An ogre comes into view. It is wielding a +0 giant spiked club.
There are monsters nearby!
The ogre shouts!
You barely miss the ogre.
The ogre hits you with a +0 giant club!!
You slash the ogre!
Your weapon exudes an aura of protection.
The ogre is heavily wounded.
You hit the ogre but do no damage.
The ogre hits you with a +0 giant spiked club!
The ogre closely misses you.
You are too injured to fight recklessly!
A white imp comes into view.
The ogre hits you but does no damage.
The white imp shouts, "Bolt, thou reeling-ripe fat-kidneyed urchin!"
You hit the ogre.
Your weapon exudes an aura of protection.
The ogre is lightly wounded.
The ogre barely misses you.
You slash the ogre!
The ogre is heavily wounded.
The ogre hits you with a +0 giant spiked club!
* * * LOW HITPOINT WARNING * * *
As you read the scroll of teleportation, it crumbles to dust.
You feel strangely unstable. The ogre attacks as you move away!
The ogre hits you with a +0 giant spiked club!!
You die...

....###<#...#
........##.####
.#.............
#####..##.....
.#####..##.##.##
................
#####...##.##.##
........##5##.#
#####.#.@OO...#.#
#.####...(.# #.
#.#.##.# .. #.#.#
# #$# # #.# #..
#.. #..


You could see 2 ogres and a white imp.

Vanquished Creatures
  A water moccasin (D:5)
  An ogre (D:5)
  A necrophage (D:5)
  A wight (D:5)
  2 hounds (D:4)
  4 orc priests
  A gnoll bouda (D:5)
  2 iguanas (D:4)
  Ijyb (D:3)
  2 orc wizards
  12 gnolls
  5 adders
  A worm (D:3)
  6 dart slugs
  8 orcs
  6 endoplasms
  4 giant cockroaches
  5 goblins
  5 hobgoblins
  2 jackals (D:3)
  6 kobolds
  2 quokkas
  5 ball pythons
  2 bats
  5 frilled lizards
  2 rats
92 creatures vanquished.

Notes
Turn   | Place    | Note
-------+----------+-------------------------------------------
     0 | D:1      | Alitron123 the Gargoyle Berserker began the quest for the
                  | Orb.
     0 | D:1      | Reached XP level 1. HP: 14/14 MP: 1/1
    89 | D:1      | You fall into a shaft and drop 1 floor!
   180 | D:2      | Reached XP level 2. HP: 12/20 MP: 2/2
   188 | D:2      | Reached XP level 3. HP: 16/24 MP: 3/3
   396 | D:2      | Reached XP level 4. HP: 29/29 MP: 4/4
   906 | D:1      | Found a faded altar of an unknown god.
  1242 | D:3      | Reached ** piety under Trog
  1276 | D:3      | Found a bloodstained altar of Trog.
  1337 | D:3      | Reached XP level 5. HP: 31/34 MP: 5/5
  1561 | D:3      | Noticed Ijyb
  1582 | D:3      | Killed Ijyb
  1583 | D:3      | Reached skill level 1 in Axes
  1724 | D:3      | HP: 1/51 [gnoll/+2 whip of distortion (21)]
  2154 | D:3      | Identified 2 scrolls of acquirement
  2154 | D:3      | Acquired the ring of Xobu {rElec Will+ Str+6 Int+6 Stlth-}
  2158 | D:3      | Acquired the +2 pair of boots "Decahog" {Str+3 Dex+3 SInv}
  2297 | D:4      | Reached XP level 6. HP: 39/39 MP: 6/6
  3057 | D:5      | Entered Level 5 of the Dungeon
  3057 | D:5      | Noticed a water moccasin
  3081 | D:5      | Killed a water moccasin
  3082 | D:5      | Reached skill level 5 in Fighting
  3082 | D:5      | Reached XP level 7. HP: 31/44 MP: 7/7
  3368 | D:5      | Reached *** piety under Trog
  3369 | D:5      | Reached skill level 5 in Armour
  3369 | D:5      | Reached XP level 8. HP: 50/50 MP: 8/8
  3421 | D:5      | Mangled by an ogre

Illustrated notes

Levels and vault maps discovered:
D:1:      minmay_arrival_up_and_down, layout_basic,
          chequers_ecumenical_altar_simple
D:2:      layout_rooms
D:3:      layout_loops_ring, general_overflow_altar, uniq_ijyb
D:4:      layout_basic
D:5:      layout_loops_ring, marbit_many_paths

Skill      XL: |  1  2  3  4  5  6  7 |
---------------+----------------------+-----
Fighting       | 4 5 |  5.4
Maces & Flails | 4 |  4.8
Armour         | 3 4 5 |  5.0
Axes           | 1 3 4 |  4.4
Dodging        | 2 |  2.0
Stealth        | |  0.5

Action                   |  1- 3 |  4- 6 |  7- 9 || total
-------------------------+-------+-------+-------++-------
Melee: Mace              |    45 |    52 |       ||    97
       Hand axe          |       |   144 |    70 ||   214
       Punch             |       |     3 |     1 ||     4
Invok: Berserk           |       |     4 |     1 ||     5
  Use: Scroll            |       |     9 |     1 ||    10
       Potion            |       |     5 |       ||     5
Armor: Animal skin       |     4 |       |       ||     4
       Chain mail        |    16 |   132 |    34 ||   182
Dodge: Dodged            |    30 |    92 |    27 ||   149

Table legend: (Time is in decaauts)
 A = Elapsed time spent in this place.
 B = Non-inter-level travel time spent in this place.
 C = Inter-level travel time spent in this place.
 D = Time resting spent in this place.
 E = Time spent auto-exploring this place.
 F = Levels seen in this place.
 G = Mean time per level.
                   A        B        C        D        E       F      G
               +--------+--------+--------+--------+--------+-----+--------+
         Total |   3509 |   3262 |    247 |      0 |   2495 |   5 |  701.8 |
       Dungeon |   3509 |   3262 |    247 |      0 |   2495 |   5 |  701.8 |
               +--------+--------+--------+--------+--------+-----+--------+

Top non-repeatable levels by time:
     D:3: 1057 daAuts
     D:4: 810 daAuts
     D:1: 673 daAuts
     D:2: 587 daAuts
     D:5: 379 daAuts
